[ AOE2 MATCH · #505889210 ]
UnrankedBurmese vs Hindustanis
Player's team · LOSS
[ REPLAY ANALYSIS · EXTRACTED FROM THE RECORDED GAME ]
Feudal
12:14
Castle
28:07
Imperial
52:52
| APM avg | 90.0 |
| APM peak | 164 |
| eAPM avg | 55.1 |
| Villagers / military | 157 / 303 |
Focus
⚔️ 45.8% · 🌾 54.2%
Spearman ×68 · Skirmisher ×62 · Archer ×53 · Arambai ×38 · Scout Cavalry ×33 · Knight ×20
Feudal
9:31
Castle
25:56
Imperial
44:02
| APM avg | 40.6 |
| APM peak | 87 |
| eAPM avg | 21.2 |
| Villagers / military | 217 / 215 |
Focus
⚔️ 36.1% · 🌾 63.9%
Camel Scout ×83 · Cavalry Archer ×39 · Ghulam ×34 · Skirmisher ×29 · Scout Cavalry ×19 · Trebuchet (Packed) ×7
Match map
Initial resources + every placement click. Lines = walls · curves = elevation contours. ◆ gold · ⬟ stone · ● berries · ✦ relic · ◌ wall gap
Your base· ✓ Closed at 28:07 · 54t walls · no gate
mertersoz88's base· ✓ Closed at 25:56 · 37t walls · no gate
Smoothed initial terrain · ◌ = detected wall gap · hover for details
Inputs per minute
— OaRMäR - - mertersoz88
Build order — OaRMäR
First 150 of 633 actions detected
| 0:00 | Queue | Villager (Male) |
| 0:00 | Queue | Villager (Male) |
| 0:01 | Queue | Villager (Male) |
| 0:03 | Build | House |
| 0:05 | Build | House |
| 0:19 | Queue | Villager (Male) |
| 1:29 | Queue | Villager (Male) |
| 1:57 | Build | Lumber Camp |
| 2:00 | Queue | Villager (Male) |
| 2:28 | Queue | Villager (Male) |
| 2:52 | Queue | Villager (Male) |
| 3:19 | Queue | Villager (Male) |
| 3:54 | Build | House |
| 4:06 | Queue | Villager (Male) |
| 4:06 | Queue | Villager (Male) |
| 4:42 | Build | Barracks |
| 4:52 | Queue | Villager (Male) |
| 5:29 | Build | House |
| 5:34 | Queue | Villager (Male) |
| 5:40 | Queue | Militia |
| 5:41 | Queue | Militia |
| 5:42 | Queue | Villager (Male) |
| 6:11 | Build | Mill |
| 6:26 | Queue | Militia |
| 7:03 | Build | Farm |
| 7:05 | Queue | Villager (Male) |
| 7:29 | Queue | Villager (Male) |
| 7:29 | Queue | Villager (Male) |
| 7:39 | Build | Palisade Wall |
| 7:42 | Build | Palisade Wall |
| 7:44 | Queue | Villager (Male) |
| 7:53 | Build | Farm |
| 8:20 | Build | Farm |
| 8:22 | Queue | Villager (Male) |
| 8:47 | Build | Palisade Wall |
| 8:49 | Build | House |
| 9:06 | Queue | Villager (Male) |
| 9:11 | Research | Loom |
| 9:11 | Research | Loom |
| 9:58 | Build | Palisade Wall |
| 10:01 | Queue | Villager (Male) |
| 10:04 | Research | Feudal Age |
| 10:18 | Build | Palisade Wall |
| 10:31 | Build | Farm |
| 10:38 | Build | Mining Camp |
| 10:46 | Build | Palisade Wall |
| 10:50 | Build | Palisade Wall |
| 11:04 | Build | Palisade Wall |
| 11:34 | Build | House |
| 11:42 | Build | Palisade Wall |
| 11:54 | Build | House |
| 12:03 | Build | Farm |
| 12:14 | Age | Feudal Age |
| 12:16 | Queue | Villager (Male) |
| 12:16 | Queue | Villager (Male) |
| 12:21 | Build | Archery Range |
| 12:43 | Queue | Villager (Male) |
| 12:51 | Research | Horse Collar |
| 13:03 | Queue | Spearman |
| 13:10 | Build | Farm |
| 13:24 | Queue | Villager (Male) |
| 13:27 | Research | Wheelbarrow |
| 13:31 | Build | Farm |
| 13:41 | Queue | Archer |
| 13:42 | Queue | Archer |
| 13:56 | Queue | Villager (Male) |
| 14:27 | Build | Blacksmith |
| 14:41 | Queue | Archer |
| 14:53 | Queue | Villager (Male) |
| 14:59 | Queue | Spearman |
| 15:28 | Queue | Spearman |
| 15:36 | Build | Palisade Wall |
| 16:09 | Queue | Archer |
| 16:12 | Build | House |
| 16:22 | Build | Palisade Wall |
| 16:49 | Build | Farm |
| 16:52 | Queue | Villager (Male) |
| 16:52 | Queue | Villager (Male) |
| 17:04 | Research | Fletching |
| 17:05 | Queue | Archer |
| 17:29 | Queue | Archer |
| 17:30 | Queue | Archer |
| 17:31 | Queue | Spearman |
| 17:33 | Queue | Villager (Male) |
| 17:42 | Build | Farm |
| 17:44 | Build | Farm |
| 17:45 | Build | Farm |
| 18:29 | Queue | Spearman |
| 18:29 | Queue | Spearman |
| 18:29 | Queue | Spearman |
| 18:33 | Research | Man-at-Arms (upgrade) |
| 18:36 | Queue | Militia |
| 18:37 | Queue | Militia |
| 18:38 | Queue | Villager (Male) |
| 18:38 | Queue | Villager (Male) |
| 18:38 | Queue | Villager (Male) |
| 18:38 | Queue | Villager (Male) |
| 18:41 | Research | Stone Mining |
| 19:03 | Queue | Archer |
| 19:04 | Queue | Archer |
| 19:07 | Queue | Villager (Male) |
| 19:08 | Build | House |
| 19:12 | Build | House |
| 19:26 | Queue | Spearman |
| 19:27 | Queue | Militia |
| 19:47 | Queue | Archer |
| 19:52 | Build | Archery Range |
| 20:36 | Queue | Militia |
| 20:36 | Queue | Militia |
| 20:43 | Queue | Archer |
| 21:24 | Queue | Militia |
| 21:24 | Queue | Militia |
| 21:24 | Queue | Militia |
| 21:51 | Queue | Militia |
| 21:52 | Queue | Militia |
| 21:52 | Queue | Archer |
| 21:53 | Queue | Archer |
| 21:53 | Queue | Archer |
| 21:53 | Queue | Villager (Male) |
| 21:54 | Queue | Villager (Male) |
| 21:55 | Build | House |
| 21:56 | Build | House |
| 21:58 | Build | Farm |
| 22:29 | Queue | Archer |
| 22:50 | Queue | Villager (Male) |
| 22:53 | Build | Farm |
| 22:54 | Build | Farm |
| 22:55 | Build | Farm |
| 22:57 | Build | Lumber Camp |
| 23:41 | Queue | Archer |
| 23:41 | Queue | Archer |
| 23:42 | Queue | Villager (Male) |
| 23:43 | Queue | Villager (Male) |
| 23:45 | Build | House |
| 23:47 | Build | Farm |
| 23:48 | Build | Farm |
| 23:56 | Queue | Militia |
| 23:56 | Queue | Militia |
| 24:28 | Queue | Villager (Male) |
| 24:42 | Queue | Archer |
| 24:42 | Queue | Archer |
| 25:14 | Research | Scale Mail Armor |
| 25:14 | Research | Scale Mail Armor |
| 25:27 | Research | Castle Age |
| 25:54 | Build | Mining Camp |
| 25:59 | Queue | Archer |
| 25:59 | Queue | Archer |
| 26:11 | Build | Stable |
| 26:25 | Build | House |
| 26:27 | Build | House |
Build order — mertersoz88
First 150 of 592 actions detected
| 0:01 | Queue | Villager (Male) |
| 0:01 | Queue | Villager (Male) |
| 0:04 | Build | House |
| 0:06 | Build | House |
| 0:21 | Queue | Villager (Male) |
| 0:21 | Queue | Villager (Male) |
| 1:06 | Queue | Villager (Male) |
| 1:55 | Queue | Villager (Male) |
| 1:57 | Queue | Villager (Male) |
| 2:16 | Build | Lumber Camp |
| 2:17 | Queue | Villager (Male) |
| 2:51 | Queue | Villager (Male) |
| 2:59 | Queue | Villager (Male) |
| 3:27 | Build | House |
| 3:45 | Queue | Villager (Male) |
| 4:12 | Queue | Villager (Male) |
| 4:12 | Queue | Villager (Male) |
| 4:43 | Queue | Villager (Male) |
| 4:43 | Queue | Villager (Male) |
| 4:44 | Queue | Villager (Male) |
| 4:44 | Queue | Villager (Male) |
| 4:44 | Queue | Villager (Male) |
| 4:44 | Queue | Villager (Male) |
| 4:49 | Build | Mill |
| 5:27 | Queue | Villager (Male) |
| 6:04 | Queue | Villager (Male) |
| 6:04 | Queue | Villager (Male) |
| 6:04 | Queue | Villager (Male) |
| 6:49 | Research | Loom |
| 7:01 | Queue | Villager (Male) |
| 7:21 | Research | Feudal Age |
| 7:28 | Build | House |
| 8:30 | Build | Barracks |
| 8:47 | Queue | Villager (Male) |
| 8:57 | Build | House |
| 9:05 | Build | House |
| 9:31 | Build | Farm |
| 9:31 | Age | Feudal Age |
| 9:54 | Build | House |
| 9:56 | Build | House |
| 10:03 | Queue | Villager (Male) |
| 10:38 | Queue | Villager (Male) |
| 10:49 | Research | Double-Bit Axe |
| 10:53 | Research | Horse Collar |
| 11:13 | Build | Lumber Camp |
| 11:14 | Queue | Villager (Male) |
| 11:40 | Queue | Spearman |
| 11:59 | Build | Stable |
| 12:01 | Build | House |
| 12:02 | Build | House |
| 12:09 | Queue | Villager (Male) |
| 12:19 | Build | Mill |
| 12:23 | Build | Farm |
| 12:33 | Queue | Villager (Male) |
| 12:41 | Queue | Villager (Male) |
| 12:45 | Queue | Scout Cavalry |
| 12:45 | Queue | Scout Cavalry |
| 12:50 | Build | House |
| 12:52 | Build | Palisade Wall |
| 12:56 | Build | House |
| 13:01 | Build | Palisade Wall |
| 13:08 | Queue | Villager (Male) |
| 13:28 | Build | House |
| 13:32 | Build | Palisade Wall |
| 13:39 | Queue | Villager (Male) |
| 13:45 | Build | Palisade Wall |
| 13:46 | Queue | Villager (Male) |
| 13:56 | Build | Farm |
| 13:58 | Build | Farm |
| 14:00 | Build | Farm |
| 14:00 | Queue | Villager (Male) |
| 14:15 | Build | Farm |
| 14:17 | Queue | Villager (Male) |
| 14:19 | Build | Farm |
| 14:27 | Build | Farm |
| 14:37 | Build | House |
| 14:40 | Build | Palisade Wall |
| 14:41 | Queue | Villager (Male) |
| 14:52 | Queue | Scout Cavalry |
| 14:55 | Build | Farm |
| 15:31 | Queue | Villager (Male) |
| 15:33 | Build | Farm |
| 15:34 | Build | Farm |
| 15:34 | Build | Farm |
| 15:34 | Build | Farm |
| 15:34 | Build | Farm |
| 15:35 | Build | Farm |
| 15:35 | Build | Farm |
| 15:57 | Queue | Villager (Male) |
| 16:09 | Queue | Villager (Male) |
| 16:15 | Build | Archery Range |
| 16:39 | Build | House |
| 16:41 | Build | House |
| 16:48 | Build | Blacksmith |
| 16:50 | Build | Palisade Wall |
| 16:51 | Build | Palisade Wall |
| 16:56 | Queue | Villager (Male) |
| 17:05 | Build | Mining Camp |
| 17:12 | Queue | Villager (Male) |
| 17:36 | Queue | Villager (Male) |
| 17:39 | Build | Farm |
| 18:03 | Build | Farm |
| 18:10 | Build | Farm |
| 18:14 | Queue | Skirmisher ×5 |
| 18:24 | Queue | Villager (Male) |
| 18:25 | Queue | Villager (Male) |
| 18:27 | Queue | Skirmisher |
| 18:28 | Queue | Skirmisher |
| 18:52 | Research | Fletching |
| 19:02 | Queue | Skirmisher |
| 19:17 | Research | Padded Archer Armor |
| 19:23 | Queue | Skirmisher |
| 19:34 | Queue | Skirmisher |
| 20:01 | Build | House |
| 20:03 | Build | House |
| 20:36 | Research | Castle Age |
| 20:37 | Research | Wheelbarrow |
| 20:38 | Research | Town Watch |
| 20:39 | Queue | Villager (Male) |
| 20:52 | Queue | Villager (Male) |
| 21:06 | Build | Palisade Wall |
| 21:25 | Build | Palisade Wall |
| 21:34 | Queue | Skirmisher |
| 21:34 | Queue | Skirmisher |
| 21:35 | Queue | Skirmisher |
| 21:50 | Queue | Skirmisher |
| 21:50 | Queue | Skirmisher |
| 22:17 | Queue | Skirmisher |
| 22:17 | Queue | Skirmisher |
| 22:18 | Queue | Skirmisher |
| 22:19 | Queue | Villager (Male) |
| 22:22 | Build | Archery Range |
| 22:24 | Queue | Skirmisher |
| 22:24 | Queue | Skirmisher |
| 22:24 | Queue | Skirmisher |
| 22:29 | Build | Farm |
| 22:30 | Build | Farm |
| 22:30 | Queue | Villager (Male) |
| 22:42 | Queue | Skirmisher |
| 22:46 | Build | House |
| 22:48 | Build | House |
| 22:49 | Queue | Villager (Male) |
| 22:57 | Queue | Skirmisher |
| 22:57 | Queue | Skirmisher |
| 23:09 | Research | Castle Age |
| 23:16 | Research | Castle Age |
| 23:17 | Research | Wheelbarrow |
| 23:18 | Research | Town Watch |
| 23:19 | Queue | Villager (Male) |
| 23:21 | Build | Archery Range |
Match timeline
| 4:42 | OaRMäR · first_building Barracks |
| 7:39 | OaRMäR · wall_segment Palisade Wall x10 |
| 7:42 | OaRMäR · wall_segment Palisade Wall x1 |
| 8:30 | mertersoz88 · first_building Barracks |
| 8:47 | OaRMäR · wall_segment Palisade Wall x11 |
| 9:31 | mertersoz88 · age_up feudal |
| 9:58 | OaRMäR · wall_segment Palisade Wall x10 |
| 10:18 | OaRMäR · wall_segment Palisade Wall x5 |
| 10:46 | OaRMäR · wall_segment Palisade Wall x4 |
| 10:50 | OaRMäR · wall_segment Palisade Wall x4 |
| 11:04 | OaRMäR · wall_segment Palisade Wall x7 |
| 11:42 | OaRMäR · wall_segment Palisade Wall x1 |
| 11:59 | mertersoz88 · first_building Stable |
| 12:14 | OaRMäR · age_up feudal |
| 12:21 | OaRMäR · first_building Archery Range |
| 12:52 | mertersoz88 · wall_segment Palisade Wall x9 |
| 13:01 | mertersoz88 · wall_segment Palisade Wall x2 |
| 13:32 | mertersoz88 · wall_segment Palisade Wall x6 |
| 13:45 | mertersoz88 · wall_segment Palisade Wall x8 |
| 14:40 | mertersoz88 · wall_segment Palisade Wall x9 |
| 15:36 | OaRMäR · wall_segment Palisade Wall x1 |
| 16:15 | mertersoz88 · first_building Archery Range |
| 16:22 | OaRMäR · wall_segment Palisade Wall x1 |
| 16:50 | mertersoz88 · wall_segment Palisade Wall x1 |
| 16:51 | mertersoz88 · wall_segment Palisade Wall x1 |
| 21:06 | mertersoz88 · wall_segment Palisade Wall x3 |
| 21:25 | mertersoz88 · wall_segment Palisade Wall x2 |
| 25:56 | mertersoz88 · age_up castle |
| 26:11 | OaRMäR · first_building Stable |
| 28:07 | OaRMäR · age_up castle |
| 36:38 | OaRMäR · first_building Castle |
| 37:51 | mertersoz88 · first_market_buy 100 food |
| 38:41 | mertersoz88 · first_building Monastery |
| 44:02 | mertersoz88 · age_up imperial |
| 44:10 | OaRMäR · first_building Siege Workshop |
| 44:36 | mertersoz88 · first_market_sell 500 wood |
| 45:12 | mertersoz88 · first_building Castle |
| 46:55 | OaRMäR · first_market_sell 100 stone |
| 49:33 | OaRMäR · first_market_buy 100 food |
| 52:52 | OaRMäR · age_up imperial |
| 61:11 | OaRMäR · resign |
[ AI ANALYSIS · 1 CREDIT ]
What really happened in this match?
Wolo.gg analyzes every decision: build order, eco, micro, common mistakes by bracket. Personalized analysis on WhatsApp or Discord in 30 seconds.
Civ guide
Burmese
Perfil
Jugador #2106972